 Dungeon Crawl Stone Soup version 0.17.1-3-g152610e (webtiles) character file.

115230 Kokonut the Unseen (level 17, -15/111 HPs)
             Began as a Kobold Berserker on Feb 26, 2016.
             Was an Elder of Trog.
             Demolished by a long sword of holy wrath (20 damage)
             ... on level 2 of the Elven Halls on Feb 27, 2016.
             The game lasted 04:56:06 (37693 turns).

Kokonut the Unseen (Kobold Berserker)              Turns: 37693, Time: 04:56:06

Health: -15/111    AC: 10    Str: 21    XL:     17   Next: 23%
Magic:  0/8        EV: 32    Int:  5    God:    Trog [****..]
Gold:   2312       SH:  0    Dex: 25    Spells: 0 memorised, 16 levels left

rFire  + . .     SeeInvis +     p - +8 quick blade (antimagic)
rCold  + . .     Clarity  .     O - +1 robe of Peek-a-Boo {rF+ MP+9}
rNeg   . . .     SustAt   .     (shield restricted)
rPois  .         Gourm    .     u - +0 helmet
rElec  +         Spirit   +     Z - +0 cloak
rCorr  .         Warding  .     E - +0 pair of gloves (curse)
rMut   .         Stasis   .     K - +1 pair of boots
MR     +++..                    i - amulet of guardian spirit
Stlth  ++++++++..               T - ring "Umipel" {Dex+4 SInv}
                                x - ring of Rauxkaom {rElec rC+ Str+4}

@: lethally poisoned (-15 -> -16), very slightly contaminated, regenerating,
studying Poison Magic, drained, extremely resistant to hostile enchantments,
extraordinarily stealthy
A: carnivore 3
a: Berserk, Trog's Hand, Brothers in Arms, Burn Spellbooks, Renounce Religion


You were on level 2 of the Elven Halls.
You worshipped Trog.
Trog was greatly pleased with you.
You were very full.

You visited 8 branches of the dungeon, and saw 33 of its levels.
You visited the Abyss 2 times.
You also visited: Labyrinth and Ice Cave.

You collected 4037 gold pieces.
You spent 1725 gold pieces at shops.

Inventory:

Hand Weapons
 e - a +5 arbalest
 p - a +8 antimagic quick blade (weapon)
 R - a +5 dagger of electrocution
Missiles
 a - 146 bolts
 o - 9 steel sling bullets
 z - 6 exploding sling bullets
 M - 9 sling bullets of flame
 Y - 10 sling bullets of frost
Armour
 f - a +1 leather armour of cold resistance
 u - a +0 helmet (worn)
 B - the +0 robe "Fotuas" {Regen+ rCorr Str+4 Int+3}
   (You bought it in a shop on level 4 of the Orcish Mines)

   It affects your strength (+4).
   It affects your intelligence (+3).
   It increases your rate of regeneration.
   It protects you from acid and corrosion.
 E - a cursed +0 pair of gloves (worn)
 K - a +1 pair of boots (worn)
 L - a +1 leather armour of magic resistance
 O - the +1 robe of Peek-a-Boo (worn) {rF+ MP+9}
   (You found it on level 7 of the Dungeon)

   It protects you from fire.
   It affects your magic capacity (+9).
 Q - a +1 leather armour of cold resistance
 Z - a +0 cloak (worn)
Jewellery
 i - an amulet of guardian spirit (around neck)
 x - the ring of Rauxkaom (left hand) {rElec rC+ Str+4}
   (You found it on level 3 of the Lair of Beasts)

   [ring of protection from cold]

   It affects your strength (+4).
   It protects you from cold.
   It insulates you from electricity.
 y - a +3 ring of slaying
 C - the ring of Buhu {rN+ Str-3 Dex+3 Stlth+}
   (You found it on level 13 of the Dungeon)

   [ring of positive energy]

   It affects your strength (-3).
   It affects your dexterity (+3).
   It protects you from negative energy.
   It makes you more stealthy.
 T - the ring "Umipel" (right hand) {Dex+4 SInv}
   (You found it in an ice cave)

   [ring of see invisible]

   It affects your dexterity (+4).
   It lets you see invisible.
 V - an uncursed amulet of warding
Wands
 j - a wand of invisibility (3)
 s - a wand of disintegration (13)
 F - a wand of draining (8)
 H - a wand of teleportation (3)
 J - a wand of hasting (0)
Scrolls
 d - 6 scrolls of remove curse
 g - a scroll of recharging
 h - 9 scrolls of identify
 k - 2 scrolls of acquirement
 m - 2 scrolls of immolation {unknown}
 q - a scroll of holy word {unknown}
 r - a scroll of fear {unknown}
 A - a scroll of enchant armour
 I - a scroll of torment {unknown}
 W - a scroll of vulnerability {unknown}
Potions
 N - a potion of haste
 P - 3 potions of resistance
Books
 t - a book of Power

   Spells                             Type                      Level
   a - Fulminant Prism                Conjuration/Hexes            4
   b - Iskenderun's Mystic Blast      Conjuration                  4
   c - Venom Bolt                     Conjuration/Poison           5
   d - Bolt of Magma                  Conjuration/Fire/Earth       5
   e - Iron Shot                      Conjuration/Earth            6
   f - Orb of Destruction             Conjuration                  7
   g - Spellforged Servitor           Conjuration/Summoning        7
   Trog disapproves of the use of such an item.
 w - a Young Poisoner's Handbook

   Spells                             Type                      Level
   a - Sting                          Conjuration/Poison           1
   b - Cure Poison                    Poison                       2
   c - Mephitic Cloud                 Conjuration/Poison/Air       3
   d - Olgreb's Toxic Radiance        Poison                       4
   e - Venom Bolt                     Conjuration/Poison           5
   Trog disapproves of the use of such an item.
 S - the Tome of Conjuration
   (You found it on level 1 of the Elven Halls)

   Spells                             Type                      Level
   a - Shock                          Conjuration/Air              1
   b - Flame Tongue                   Conjuration/Fire             1
   c - Mephitic Cloud                 Conjuration/Poison/Air       3
   d - Stone Arrow                    Conjuration/Earth            3
   e - Conjure Flame                  Conjuration/Fire             3
   f - Bolt of Draining               Conjuration/Necromancy       5
   Trog disapproves of the use of such an item.
 U - a manual of Poison Magic Trog disapproves of the use of such an item.
 X - a book of Transfigurations

   Spells                             Type                      Level
   a - Stoneskin                      Transmutation/Earth          2
   b - Irradiate                      Conjuration/Transmutation    5
   c - Statue Form                    Transmutation/Earth          6
   d - Hydra Form                     Transmutation                6
   e - Dragon Form                    Transmutation                7
   Trog disapproves of the use of such an item.
Comestibles
 b - 5 chunks of flesh
 c - 17 meat rations
 n - 2 royal jellies
 G - 2 beef jerkies


   Skills:
 + Level 14.0(13.3) Fighting
 - Level 12.8(12.2) Short Blades
   Level 10.7(10.1) Slings
 * Level 12.3(11.7) Crossbows
 + Level 8.6(8.1) Armour
 + Level 15.1(14.4) Dodging
 + Level 17.7(17.0) Stealth


You had 16 spell levels left.
You didn't know any spells.

Dungeon Overview and Level Annotations

Branches:
Dungeon (15/15)            Temple (1/1) D:6            Lair (7/8) D:9
 Shoals (1/4) Lair:6        Snake (1/4) Lair:5          Orc (4/4) D:10
    Elf (3/3) Orc:4        Vaults (0/5) D:13         Depths (1/5) D:15
  Slime: Lair:6-8

Altars:
Ashenzari
Cheibriados
Dithmenos
Elyvilon
Fedhas
Gozag
Kikubaaqudgha
Makhleb
Nemelex Xobeh
Okawaru
Qazlal
Ru
Sif Muna
Trog
Vehumet
Xom
Yredelemnul
Zin
The Shining One
Beogh

Shops:
D:6 ?   D:9 *   D:13 %   D:15 [   Orc:3 }   Orc:4 [((%   Elf:1 (   Elf:3 !

Annotations:
Lair:2 exclusion: oklob plant
Lair:3 inmateoo's ghost, journeyman DEFE
Lair:5 exclusion: oklob plant


Innate Abilities, Weirdness & Mutations

You are small and have problems with some larger weapons.
You are carnivorous and can eat meat at any time.


Message History

You feel sick.
Drink which item? (? for menu, Esc to quit)
Okay, then.
Your skin crawls.
You feel resistant to hostile enchantments.
You feel sick. The long sword of holy wrath hits you.
* * * LOW HITPOINT WARNING * * *
Press: ? - help, v - describe, . - travel
Here: a long sword of holy wrath The floor.
That item cannot be evoked!
Evoke which item? (* to show all) (? for menu, Esc to quit)
Okay, then.
Read which item? (? for menu, Esc to quit)
Charge which item? (? for menu, Esc to quit)
As you read the scroll of recharging, it crumbles to dust.
Your wand of invisibility {empty} glows for a moment.
The long sword of holy wrath hits you!!
You die...

...## #####
###############
#.## ##...##
#.............#
.## #.....#
##.#..#..(#..#.'
## #.....#
#..............'
#######.....#
#..#).#...#.)#.'
'.....'....'##
#.(..(.........#
#######'##'#.##
#.##############
#
##(###.##.####(#
##.##
#.###..@(.#
##.## #.#
##.#### ##[##
#.# ##.## ##.##
#.# ##.## .'##
#.# ##.## ..##
#.# ##.## ...##
#.# ##.## ....#
##'## ##.###
..[.#####...#
##'.##


You could see 2 dancing weapons.

Vanquished Creatures
  Norris (Elf:3)
  Saint Roka (Elf:2)
  Wiglaf (Elf:3)
  Donald (Elf:3)
  Louise (Elf:3)
  A deep elf sorcerer (Elf:3)
  An orc warlord (Orc:4)
  Azrael (D:13)
  A deep elf annihilator (Elf:1)
  2 deep elf death magi (Elf:3)
  The ghost of inmateoo the Arsonist, a journeyman DEFE of Cheibriados (Lair:5)
  Josephine (D:14)
  An ogre mage (D:15)
  The ghost of F1L1N the Grappler, a journeyman TrCK of Xom (Orc:4)
  A deep elf high priest (Elf:1)
  3 hydras
  3 ice dragons
  3 centaur warriors
  5 dancing weapons (Elf:2)
  A queen ant (Lair:3)
  An orc high priest (Orc:4)
  Urug (D:10)
  7 deep elf knights
  Sonja (Lair:4)
  5 unseen horrors
  6 deep elf summoners
  7 hill giants
  20 deep elf conjurers
  The ghost of emiel the Spear-Bearer, a novice MfBe of Trog (D:7)
  A wolf spider (D:15)
  2 orc sorcerers
  A griffon (D:14)
  3 cyclopes
  7 ugly things
  A sixfirhy (Abyss:1)
  2 ice statues (IceCv)
  5 spiny frogs
  3 gargoyles
  A fire drake (Lair:4)
  9 deep elf priests
  A merfolk (D:10)
  5 trolls
  6 slime creatures
  A trapdoor spider zombie (D:8)
  3 polar bears
  7 two-headed ogres
  A blink frog (shapeshifter) (D:14)
  A boulder beetle (shapeshifter) (Elf:1)
  A centaur simulacrum (D:15)
  A ynoxinul (Abyss:2)
  A water elemental (D:11)
  22 deep elf magi
  A fire elemental (D:13)
  42 yaks
  2 basilisks
  A steam dragon (D:11)
  A hungry ghost (D:15)
  2 vampire mosquitoes (D:15)
  Eustachio (D:4)
  A vampire (D:13)
  3 hippogriffs
  4 wolves
  2 wraiths
  18 deep elf fighters
  3 nagas (Lair:5)
  Menkaure (D:5)
  19 soldier ants (Lair:3)
  3 wargs
  A mottled dragon (D:11)
  3 insubstantial wisps
  8 water moccasins
  15 porcupines
  3 hell hounds (D:13)
  24 orc warriors
  2 black bears
  16 ogres
  18 ice beasts
  13 centaurs
  5 sky beasts
  9 crocodiles
  3 big kobolds
  5 necrophages
  A brain worm (Abyss:2)
  15 giant frogs
  5 scorpions
  7 killer bees
  12 wights
  2 wyvern skeletons
  A spriggan skeleton (Lab)
  A quasit (Abyss:1)
  A giant frog zombie (D:5)
  5 crimson imps
  5 hounds
  7 starcursed masses (Abyss:1)
  A wasp zombie (D:12)
  4 jellies
  10 iguanas
  A centaur zombie (D:5)
  3 centaur skeletons
  Jessica (D:3)
  35 orc priests
  30 orc wizards
  Terence (D:2)
  2 gnoll shamans
  10 sheep
  2 giant frog skeletons
  24 worker ants
  2 small abominations (Abyss:2)
  A hound zombie (D:5)
  An ogre skeleton (Lab)
  19 river rats
  14 adders
  15 gnolls
  A worker ant zombie (D:5)
  2 shadow imps
  3 oozes
  3 adder skeletons
  A worm (D:2)
  9 giant geckos
  186 orcs
  15 bats
  3 giant cockroaches
  2 gnoll zombies (D:7)
  6 goblins
  11 hobgoblins
  21 jackals
  19 kobolds
  5 quokkas
  A giant gecko skeleton (D:7)
  A giant gecko zombie (D:7)
  5 giant newts
  A jackal skeleton (D:6)
  A quokka skeleton (D:6)
  2 quokka zombies
  3 rats
933 creatures vanquished.

Vanquished Creatures (collateral kills)
  2 orc warlords
  A stone giant (Orc:4)
  A deep elf demonologist (Elf:3)
  A minotaur (Lab)
  Erolcha (D:10)
  Fannar (D:10)
  An ice dragon (IceCv)
  A hydra (Lair:2)
  A centaur warrior (D:14)
  A large abomination (Elf:2)
  3 orc high priests
  A deep elf knight (Elf:3)
  A deep elf conjurer (Elf:3)
  An orc sorcerer (Orc:4)
  2 orc knights (Elf:2)
  A centaur zombie (D:14)
  A troll (Elf:2)
  A queen bee (shapeshifter) (D:14)
  2 two-headed ogres (D:15)
  3 wraiths (D:14)
  A deep elf mage (Elf:3)
  A soldier ant (Lair:3)
  2 wargs
  A deep elf fighter (Elf:3)
  17 orc warriors
  2 centaurs
  A big kobold (D:10)
  4 orc priests
  7 orc wizards
  An iguana (D:10)
  40 orcs
  3 kobolds (D:10)
107 creatures vanquished.

Vanquished Creatures (others)
  An unseen horror (D:14)
  A deep elf mage (Elf:1)
  5 fungi
  2 plants (Lair:2)
9 creatures vanquished.

Grand Total: 1049 creatures vanquished

Notes
Turn   | Place    | Note
--------------------------------------------------------------
     0 | D:1      | Kokonut the Kobold Berserker began the quest for the Orb.
     0 | D:1      | Reached XP level 1. HP: 14/14 MP: 1/1
    38 | D:1      | Reached XP level 2. HP: 9/19 MP: 2/2
   131 | D:1      | Reached skill level 5 in Short Blades
   238 | D:1      | Reached XP level 3. HP: 19/23 MP: 3/3
   404 | D:2      | Reached ** piety under Trog
   615 | D:1      | Reached skill level 6 in Short Blades
   702 | D:1      | Reached XP level 4. HP: 28/28 MP: 4/4
  1079 | D:2      | Noticed Terence
  1091 | D:2      | Killed Terence
  1130 | D:2      | Reached skill level 7 in Short Blades
  1130 | D:2      | Reached XP level 5. HP: 32/32 MP: 5/5
  1170 | D:2      | Found a glowing silver altar of Zin.
  1438 | D:2      | Found a bloodstained altar of Trog.
  2062 | D:3      | Noticed an orc warrior
  2063 | D:3      | Noticed Jessica
  2089 | D:3      | Killed an orc warrior
  2089 | D:3      | Reached skill level 8 in Short Blades
  2089 | D:3      | Reached XP level 6. HP: 36/37 MP: 6/6
  2095 | D:3      | Reached *** piety under Trog
  2095 | D:3      | Reached skill level 1 in Stealth
  2183 | D:3      | Killed Jessica
  3005 | D:4      | Reached XP level 7. HP: 40/42 MP: 7/7
  3027 | D:4      | You fall through a shaft for 3 floors!
  3136 | D:7      | Noticed emiel's ghost (novice MfBe)
  3353 | D:5      | Entered Level 5 of the Dungeon
  3558 | D:4      | Noticed a sky beast
  3568 | D:4      | Killed a sky beast
  3612 | D:4      | You fall through a shaft!
  3634 | D:5      | Noticed Menkaure
  3650 | D:4      | Reached skill level 5 in Stealth
  3677 | D:4      | Reached XP level 8. HP: 46/48 MP: 8/8
  3752 | D:4      | Noticed Eustachio
  3778 | D:4      | Killed Eustachio
  3778 | D:4      | Reached **** piety under Trog
  3842 | D:4      | Reached skill level 5 in Fighting
  3869 | D:4      | Reached skill level 5 in Dodging
  3983 | D:4      | Found a burning altar of Makhleb.
  4501 | D:5      | Killed Menkaure
  4579 | D:5      | Reached XP level 9. HP: 45/54 MP: 9/9
  4996 | D:5      | Reached skill level 9 in Stealth
  5471 | D:6      | Found a staircase to the Ecumenical Temple.
  5487 | Temple   | Entered the Ecumenical Temple
  5742 | D:6      | Found an ancient bone altar of Kikubaaqudgha.
  5743 | D:6      | Found a stormy altar of Qazlal.
  5745 | D:6      | Found a snail-covered altar of Cheibriados.
  5750 | D:6      | Noticed a hill giant
  6013 | D:6      | HP: 4/84 [hill giant/giant club (14)]
  6015 | D:6      | Killed a hill giant
  6015 | D:6      | Reached skill level 10 in Stealth
  6393 | D:6      | Found a shadowy altar of Dithmenos.
  6450 | D:6      | Found Biuts's Magic Scroll Boutique.
  6600 | D:7      | Found a shattered altar of Ashenzari.
  6784 | D:7      | Killed emiel's ghost
  6784 | D:7      | Reached XP level 10. HP: 37/63 MP: 10/10
  7013 | D:7      | Got a thick robe
  7024 | D:7      | Identified the cursed +1 robe of Peek-a-Boo {rF+ MP+9} (You found it on level 7 of the Dungeon)
  7573 | D:7      | Reached skill level 11 in Stealth
  7597 | D:7      | Reached skill level 10 in Short Blades
  7936 | D:7      | Found a basalt altar of Yredelemnul.
  8289 | D:7      | Reached ***** piety under Trog
  8544 | D:8      | Found a sparkling altar of Nemelex Xobeh.
  8584 | D:9      | Found a shimmering altar of Xom.
  8876 | D:8      | Found a radiant altar of Vehumet.
  8992 | D:9      | Received a gift from Trog
  9005 | D:10     | Entered Level 10 of the Dungeon
  9156 | D:9      | Reached skill level 12 in Stealth
  9156 | D:9      | Reached XP level 11. HP: 43/69 MP: 8/11
  9465 | D:10     | Noticed Urug
  9466 | D:10     | Killed Urug
  9525 | D:9      | Found Noonasm's General Store.
  9578 | D:9      | Found a staircase to the Lair.
 10063 | Lair:1   | Entered Level 1 of the Lair of Beasts
 10065 | Lair:1   | Noticed a six-headed hydra
 10101 | Lair:1   | Found a labyrinth entrance.
 10111 | Lab      | Entered a labyrinth
 10219 | Lab      | Noticed an unseen horror
 10235 | Lab      | Killed an unseen horror
 10237 | Lab      | Reached skill level 10 in Dodging
 10854 | Lab      | Noticed a minotaur
 10878 | Lab      | Killed a minotaur
 10904 | Lab      | Identified Kikubaaqudgha's Grimoire of Black Rites
 10907 | Lab      | Identified the Collected Works on Shifting Clay
 10910 | Lab      | Identified Sif Muna's Almanac of Beguiling
 11226 | Lair:1   | Reached skill level 13 in Stealth
 11250 | Lair:2   | Noticed a seven-headed hydra
 11780 | Lair:2   | Reached skill level 10 in Fighting
 11801 | Lair:2   | Reached XP level 12. HP: 63/77 MP: 12/12
 11888 | Lair:2   | HP: 1/77 [seven-headed hydra (10)]
 12284 | Lair:2   | Killed a seven-headed hydra
 12783 | Lair:2   | Found a blossoming altar of Fedhas.
 12806 | Lair:2   | Noticed an oklob plant
 13147 | Lair:3   | Received a gift from Trog
 13155 | Lair:3   | Noticed a queen ant
 13540 | Lair:3   | Killed a queen ant
 13540 | Lair:3   | Reached skill level 14 in Stealth
 14101 | Lair:3   | Noticed inmateoo's ghost (journeyman DEFE)
 14583 | Lair:3   | Got a smoking lapis lazuli ring
 15008 | Lair:2   | You fall through a shaft!
 15173 | Lair:4   | Received a gift from Trog
 15243 | Lair:4   | Reached skill level 1 in Slings
 15641 | Lair:4   | Noticed Sonja
 15648 | Lair:4   | Killed Sonja
 15648 | Lair:4   | Reached XP level 13. HP: 84/84 MP: 13/13
 15766 | Lair:5   | Found a staircase to the Snake Pit.
 16039 | Snake:1  | Entered Level 1 of the Snake Pit
 16107 | Lair:5   | Received a gift from Trog
 16296 | Lair:5   | Killed inmateoo's ghost
 16511 | Lair:5   | Noticed a seven-headed hydra
 16711 | Lair:5   | Reached skill level 5 in Slings
 17279 | Lair:6   | Found a staircase to the Shoals.
 17288 | Shoals:1 | Entered Level 1 of the Shoals
 17347 | Lair:6   | Noticed an eight-headed hydra
 17538 | Lair:1   | Killed a six-headed hydra
 17784 | Lair:1   | Reached skill level 15 in Stealth
 18279 | D:10     | Noticed Fannar
 18280 | D:10     | Found a staircase to the Orcish Mines.
 18281 | D:10     | Noticed Erolcha
 18287 | D:10     | Received a gift from Trog
 18295 | D:10     | Killed Erolcha
 18303 | D:10     | Killed Fannar
 18368 | Orc:1    | Entered Level 1 of the Orcish Mines
 18478 | Lair:2   | Identified the ring of Rauxkaom {rElec rC+ Str+4} (You found it on level 3 of the Lair of Beasts)
 18596 | D:10     | Noticed a gargoyle
 18706 | D:10     | Killed a gargoyle
 18963 | D:10     | Noticed an unseen horror
 18993 | D:10     | Killed an unseen horror
 19418 | D:10     | Found a shimmering altar of Xom.
 19418 | D:10     | Found a shimmering altar of Xom.
 20196 | Orc:3    | Found Zysaowk's Gadget Shoppe.
 20247 | Orc:3    | Found a frozen archway.
 20287 | Orc:3    | Received a gift from Trog
 20313 | IceCv    | Entered an ice cave
 20566 | IceCv    | Received a gift from Trog
 21174 | IceCv    | Got a pitted wooden ring
 21181 | IceCv    | Identified the ring "Umipel" {Dex+4 SInv} (You found it in an ice cave)
 22319 | Orc:1    | Reached XP level 14. HP: 88/92 MP: 12/14
 22340 | Orc:1    | Received a gift from Trog
 23048 | Orc:2    | Found a bloodstained altar of Trog.
 23343 | Orc:2    | Received a gift from Trog
 23509 | Orc:4    | Entered Level 4 of the Orcish Mines
 23917 | Orc:4    | Noticed F1L1N's ghost (journeyman TrCK)
 23929 | Orc:4    | Noticed an orc warlord
 23998 | Orc:4    | Received a gift from Trog
 24059 | Orc:4    | Found a roughly hewn altar of Beogh.
 24109 | Orc:4    | Killed F1L1N's ghost
 24124 | Orc:4    | Killed an orc warlord
 24134 | Orc:4    | Reached skill level 16 in Stealth
 24330 | Orc:4    | Found a staircase to the Elven Halls.
 24598 | Elf:1    | Entered Level 1 of the Elven Halls
 24691 | Orc:4    | Found a roughly hewn altar of Beogh.
 24825 | Orc:4    | Received a gift from Trog
 24969 | Orc:4    | Noticed a stone giant
 24993 | Orc:4    | Killed a stone giant
 25052 | Orc:4    | Found a roughly hewn altar of Beogh.
 25217 | Orc:4    | Found a roughly hewn altar of Beogh.
 25218 | Orc:4    | Found Boontiuq's Weapon Shop.
 25288 | Orc:4    | Found a roughly hewn altar of Beogh.
 25289 | Orc:4    | Found Efuptie's Food Shoppe.
 25387 | Orc:4    | Found a roughly hewn altar of Beogh.
 25479 | Orc:4    | Noticed an orc warlord
 25502 | Orc:4    | Killed an orc warlord
 25504 | Orc:4    | Received a gift from Trog
 25881 | Orc:4    | Found Mohoq's Antique Weapon Emporium.
 25882 | Orc:4    | Found a roughly hewn altar of Beogh.
 25888 | Orc:4    | Found Kimicwu's Antique Armour Shoppe.
 25981 | Orc:4    | Bought a glowing robe for 17 gold pieces
 25981 | Orc:4    | Bought a glowing leather armour for 50 gold pieces
 26011 | Orc:4    | Bought a shiny shield for 112 gold pieces
 26011 | Orc:4    | Bought a dull robe for 142 gold pieces
 26021 | Orc:4    | Identified the +0 robe "Fotuas" {Regen+ rCorr Str+4 Int+3} (You bought it in a shop on level 4 of the Orcish Mines)
 26449 | D:11     | Received a gift from Trog
 26631 | D:11     | Reached skill level 10 in Slings
 28379 | D:13     | Reached skill level 1 in Crossbows
 29116 | D:13     | Found Lothrum's Food Boutique.
 29164 | D:13     | Reached XP level 15. HP: 93/98 MP: 13/15
 29191 | D:13     | Noticed Azrael
 29196 | D:13     | Killed Azrael
 29196 | D:13     | Reached skill level 5 in Armour
 29405 | D:13     | Got a bound golden ring
 29570 | D:13     | Found a gate to the Vaults.
 30035 | D:14     | Reached skill level 5 in Crossbows
 30041 | D:15     | Entered Level 15 of the Dungeon
 30204 | D:14     | Identified the ring of Buhu {rN+ Str-3 Dex+3 Stlth+} (You found it on level 13 of the Dungeon)
 30228 | D:14     | Received a gift from Trog
 30247 | D:14     | Noticed Josephine
 30256 | D:14     | Killed Josephine
 31447 | D:9      | Bought a potion of degeneration for 15 gold pieces
 31447 | D:9      | Bought a scroll of acquirement for 780 gold pieces
 31541 | Orc:4    | Bought a +5 arbalest for 409 gold pieces
 31793 | D:15     | Found a white marble altar of Elyvilon.
 31847 | D:15     | Received a gift from Trog
 32090 | D:15     | Found a snail-covered altar of Cheibriados.
 32096 | D:15     | Found Leosoeto's Armour Boutique.
 32407 | D:15     | Paralysed by an ogre mage for 5 turns
 32668 | D:15     | Found a staircase to the Depths.
 32697 | Depths:1 | Entered Level 1 of the Depths
 32803 | D:15     | Received a gift from Trog
 33104 | Elf:1    | Found Qusic's Antique Weapon Shoppe.
 33334 | Elf:1    | Received a gift from Trog
 33424 | Elf:1    | Noticed a deep elf annihilator
 33433 | Elf:1    | Killed a deep elf annihilator
 33440 | Elf:1    | Identified the Tome of Conjuration
 33488 | Elf:1    | Reached XP level 16. HP: 104/104 MP: 5/16
 33612 | Elf:1    | Received a gift from Trog
 33868 | Elf:2    | Reached skill level 10 in Crossbows
 33937 | Elf:3    | Entered Level 3 of the Elven Halls
 33937 | Elf:3    | Noticed Donald
 33937 | Elf:3    | Noticed Wiglaf
 33940 | Elf:3    | Killed Wiglaf
 33944 | Elf:3    | Killed Donald
 34060 | Elf:2    | Reached skill level 17 in Stealth
 34409 | Elf:3    | Found Fuadghuo's Distillery.
 34601 | Elf:2    | Noticed Saint Roka
 34611 | Elf:2    | Killed Saint Roka
 34633 | Elf:2    | Found a roughly hewn altar of Beogh.
 34633 | Elf:2    | Noticed an orc warlord
 34646 | Elf:2    | Killed an orc warlord
 34648 | Elf:2    | Received a gift from Trog
 34692 | Elf:2    | Found a runed gate.
 34692 | Elf:2    | Found a runed gate.
 34695 | Elf:2    | Found a runed gate.
 35315 | Elf:3    | Noticed Norris
 35326 | Elf:3    | Killed Norris
 35616 | Elf:3    | Noticed a deep elf blademaster
 35623 | Elf:3    | Cast into the Abyss (a deep elf sorcerer)
 35633 | Elf:3    | Escaped the Abyss
 35638 | Elf:3    | Noticed a deep elf master archer
 35753 | Elf:3    | Noticed Louise
 35758 | Elf:3    | Killed Louise
 35792 | Elf:3    | Bought a potion of haste for 200 gold pieces
 35901 | Elf:3    | Cast into the Abyss (a deep elf demonologist)
 36021 | Abyss:1  | Reached XP level 17. HP: 106/110 MP: 17/17
 36060 | Abyss:1  | Paralysed by accursed screaming for 1 turns
 36097 | Abyss:1  | HP: 4/110 [starcursed mass/accursed screaming (3)]
 36199 | Abyss:2  | Noticed a Hell Sentinel
 36419 | Abyss:2  | Noticed a lich
 36452 | Elf:3    | Escaped the Abyss
 36508 | Elf:3    | Reached skill level 15 in Dodging
 36678 | Elf:3    | Noticed a Hell Sentinel
 37680 | Elf:2    | HP: 2/111 [long sword of holy wrath (13)]
 37686 | Elf:2    | HP: 1/111 [poisoned by a scimitar of venom]
 37692 | Elf:2    | HP: 3/111 [long sword of holy wrath (4)]
 37693 | Elf:2    | Demolished by a long sword of holy wrath

Action                   |  1- 3 |  4- 6 |  7- 9 | 10-12 | 13-15 | 16-18 || total
-------------------------+-------+-------+-------+-------+-------+-------++-------
Melee: Short sword       |    13 |    74 |       |       |       |       ||    87
       Dagger            |    61 |   137 |   396 |  1066 |  1645 |   270 ||  3575
       Long sword        |       |       |       |    25 |       |       ||    25
       Quick blade       |       |       |       |       |   238 |   228 ||   466
 Fire: Hunting sling     |       |       |       |       |    19 |       ||    19
       Arbalest          |       |       |       |       |     5 |    26 ||    31
Throw: Tomahawk          |       |     2 |     1 |     2 |       |       ||     5
Invok: Berserk           |     1 |     5 |     4 |     7 |    12 |     3 ||    32
       Trog's Hand       |       |       |       |     2 |       |     3 ||     5
       Brothers in Arms  |       |       |       |     5 |    15 |     9 ||    29
       Burn Spellbooks   |       |       |       |       |     1 |       ||     1
Evoke: Wand              |       |       |       |       |       |     2 ||     2
  Use: Potion            |     1 |       |       |     4 |     1 |     5 ||    11
       Scroll            |       |     2 |       |     9 |    10 |     5 ||    26
 Stab: Sleeping          |     4 |     5 |    15 |    45 |    91 |    30 ||   190
       Distracted        |       |       |     1 |     5 |     9 |     1 ||    16
       Confused          |       |       |       |       |     1 |       ||     1
  Eat: Chunk             |     9 |    12 |    15 |    38 |    71 |    18 ||   163
